 Dungeon Crawl Stone Soup version 0.23.0-3-gf3c87f2 (webtiles) character file.

Game seed: 6812066986680530808

93 Fang the Skirmisher (level 4, -3/43 HPs)
             Began as a Gargoyle Berserker on Feb 21, 2019.
             Was a Believer of Trog.
             Slain by an orc warrior
             ... wielding a +0 scimitar
              (10 damage)
             ... on level 2 of the Dungeon.
             The game lasted 00:01:20 (1145 turns).

Fang the Skirmisher (Gargoyle Berserker)            Turns: 1145, Time: 00:01:20

Health: -3/43      AC: 10    Str: 27    XL:     4   Next: 61%
Magic:  4/4        EV: 11    Int:  7    God:    Trog [**....]
Gold:   162        SH:  0    Dex:  9    Spells: 3/3 levels left

rFire    . . .     SeeInvis .   a - +0 hand axe
rCold    . . .     Gourm    .   (no shield)
rNeg     + . .     Faith    .   f - +0 scale mail
rPois    ∞         Spirit   .   (no helmet)
rElec    +         Reflect  .   (no cloak)
rCorr    .         Harm     .   (no gloves)
MR       .....                  (no boots)
Stlth    ..........             h - amulet of rage
HPRegen  0.14/turn              (no ring)
MPRegen  0.09/turn              (no ring)

@: berserking, very quick
A: negative energy resistance 1, electricity resistance, unbreathing,
petrification resistance, rot immunity, AC +3
a: Berserk, Trog's Hand, Renounce Religion, Evoke Berserk Rage


You were on level 2 of the Dungeon.
You worshipped Trog.
Trog was pleased with you.
You were very hungry.

You visited 1 branch of the dungeon, and saw 2 of its levels.

You collected 162 gold pieces.

Inventory:

Hand Weapons
 a - a +0 hand axe (weapon)
Armour
 f - a +0 scale mail (worn)
Jewellery
 h - an amulet of rage (around neck)
Scrolls
 b - 3 scrolls of identify {unknown}
 d - a scroll of immolation {unknown}
 i - a scroll of teleportation {unknown}
Potions
 e - a potion of degeneration {unknown}
 j - a potion of brilliance {unknown}
 k - a potion of lignification {unknown}
Comestibles
 c - 3 rations
 g - 7 chunks of flesh


   Skills:
 + Level 4.0 Fighting
 + Level 3.3 Axes
 + Level 3.1 Armour
 + Level 2.3 Dodging


You had 3 spell levels left.
You didn't know any spells.
Your spell library was empty.

Dungeon Overview and Level Annotations

Branches:
Dungeon (2/15)

Altars:
Okawaru


Innate Abilities, Weirdness & Mutations

You are resistant to torment.
Your stone body is resilient. (AC +3)
You are immune to poison.
You resist negative energy. (rN+)
You are resistant to electric shocks. (rElec)
You can survive without breathing.
You are immune to petrification.
You are immune to rotting.


Message History

The orc warrior is lightly wounded.
The orc warrior hits you with a +0 scimitar.
You slash the orc warrior!
The orc warrior is heavily wounded.
The orc warrior hits you with a +0 scimitar!
* * * LOW HITPOINT WARNING * * *
You are too injured to fight recklessly!
You are too injured to fight recklessly!
You are too injured to fight recklessly!
You are too injured to fight recklessly!
You are too injured to fight recklessly!
You are too injured to fight recklessly!
You are too injured to fight recklessly!
A red film seems to cover your vision as you go berserk!
You feel yourself moving faster!
You feel mighty!
You are feeling very hungry.
You hit the orc warrior.
The orc warrior is heavily wounded.
The orc warrior hits you with a +0 scimitar!
You die... ###.# #.# ....## #.# .....# ##+##### #.# .....# #...... #.# . ####.# #..... #.# . #.##########.o.. #.# . #.##......# ooo

#.# . #.<..####.###o#
######.####.
####..#)####.#.#@#####.).........
.................................
.#.#.#..####.#.#.#####........#..
.....#......................#.#..
####....######.#.#####..#####.#..
#..####....###.#.# #...# #....
#.#.#.####.<...#.#####...####.#..
#...#..#.####..........>.........
#(#...#...#.####..............#.#


You could see an orc warrior and 4 orcs.

Vanquished Creatures
  5 adders (D:2)
  2 dart slugs
  5 bats
  2 giant cockroaches (D:1)
  4 goblins
  3 hobgoblins
  7 jackals
  4 kobolds
  A quokka (D:2)
  7 frilled lizards
  5 rats
45 creatures vanquished.

Notes
Turn   | Place    | Note
-------+----------+-------------------------------------------
     0 | D:1      | Fang the Gargoyle Berserker began the quest for the Orb.
     0 | D:1      | Reached XP level 1. HP: 14/14 MP: 1/1
   193 | D:1      | Reached XP level 2. HP: 16/19 MP: 2/2
   611 | D:1      | Reached XP level 3. HP: 20/23 MP: 3/3
   704 | D:2      | Found an iron altar of Okawaru.
   714 | D:2      | Reached ** piety under Trog
   880 | D:2      | Reached XP level 4. HP: 24/29 MP: 4/4
  1016 | D:2      | Reached skill level 4 in Fighting
  1140 | D:2      | Noticed an orc warrior
  1145 | D:2      | Slain by an orc warrior

Skill      XL: |  1  2  3  4 |
---------------+-------------+-----
Axes           | 3 |  3.3
Dodging        | 2 |  2.3
Armour         | 3 |  3.1
Fighting       | 4 |  4.0

Action                   |  1- 3 |  4- 6 || total
-------------------------+-------+-------++-------
Melee: Hand axe          |   115 |    45 ||   160
Invok: Berserk           |       |     1 ||     1
  Eat: Chunk             |       |     1 ||     1
Armor: Animal skin       |     4 |       ||     4
       Scale mail        |    62 |    31 ||    93
Dodge: Dodged            |    81 |    22 ||   103
